 Dungeon Crawl Stone Soup version 0.27.1-33-g824d729ab1 (webtiles) character file.

Game seed: 15940546095763378669

8751 sking99 the Grappler (level 11, -13/113 HPs)
             Began as a Troll Monk on Dec 8, 2021.
             Was a High Priest of Okawaru.
             Mangled by a large abomination (19 damage)
             ... on level 1 of the Abyss.
             The game lasted 00:21:09 (8493 turns).

sking99 the Grappler (Troll Monk)                   Turns: 8493, Time: 00:21:11

Health: -13/113    AC: 16    Str: 24    XL:     11   Next: 14%
Magic:  12/14      EV: 16    Int:  6    God:    Okawaru [*****.]
Gold:   1423       SH:  0    Dex: 12    Spells: 10/10 levels left

rFire    . . .     SeeInvis .     - Unarmed
rCold    . . .     Faith    .   (no shield)
rNeg     . . .     Spirit   .   l - +0 steam dragon scales
rPois    .         Reflect  .   (helmet restricted)
rElec    .         Harm     .   D - +2 cloak
rCorr    .         Rampage  .   (gloves unavailable)
Will     .....                  (boots unavailable)
Stlth    +++.......             B - amulet of regeneration
HPRegen  0.00/turn              b - +4 ring of protection
MPRegen  0.14/turn              r - +4 ring of evasion

@: heroic, diseased
A: large, unfitting armour, claws 3, regeneration 1, shaggy fur 1, tough skin 1
a: Renounce Religion, Heroism, Finesse


You were on level 1 of the Abyss.
You worshipped Okawaru.
Okawaru was extremely pleased with you.
You visited 2 branches of the dungeon, and saw 10 of its levels.
You visited the Abyss 1 time.
You also visited: Bailey.

You collected 1423 gold pieces.

Inventory:

Missiles
 a - 40 poisoned darts
 t - 4 curare-tipped darts
 u - 4 throwing nets
 v - 13 atropa-tipped darts
 C - 2 large rocks (quivered)
Armour
 l - +0 steam dragon scales (worn)
 D - a +2 cloak (worn)
Jewellery
 b - a +4 ring of protection (left claw)
 r - a +4 ring of evasion (right claw)
 B - an amulet of regeneration (around neck)
Wands
 j - a wand of iceblast (18)
 m - a wand of digging (10)
 q - a wand of paralysis (6)
 F - a wand of polymorph (2)
Scrolls
 g - 3 scrolls of teleportation
 o - 2 scrolls of identify
 p - a scroll of fog
 s - a scroll of fear
 y - 3 scrolls of magic mapping {unknown}
 A - a scroll of vulnerability {unknown}
 E - a scroll of acquirement {unknown}
 G - 3 scrolls of enchant armour {unknown}
Potions
 c - a potion of magic
 d - a potion of attraction
 e - 2 potions of mutation
 f - a potion of haste
 h - a potion of might {unknown}
 i - a potion of ambrosia
 k - 3 potions of curing
 n - a potion of berserk rage
 x - 2 potions of degeneration {unknown}
 z - 3 potions of brilliance {unknown}
Miscellaneous
 w - a piece from Xom's chessboard (15/15)


   Skills:
 + Level 8.3(13.3) Fighting
 + Level 5.0(10.0) Throwing
 + Level 5.2(10.2) Armour
 - Level 2.4(7.4) Dodging
 - Level 1.0(6.0) Stealth
 + Level 9.9(14.9) Unarmed Combat
 * Level 6.5 Invocations


You had 10 spell levels left.
You didn't know any spells.
Your spell library contained the following spells:

 Spells                   Type           Power      Damage    Failure   Level
 Frozen Ramparts          Ice            0%         1d2       83%         3
 Animate Dead             Necr           0%         N/A       99%         4
 Ice Form                 Ice/Tmut       0%         N/A       99%         4
 Summon Ice Beast         Ice/Summ       0%         N/A       99%         4
 Haunt                    Necr/Summ      0%         N/A       100%        7
 Infestation              Necr           0%         N/A       100%        8


Dungeon Overview and Level Annotations

Branches:
Dungeon (9/15)             Temple (1/1) D:4            Lair (0/6) D:9
 Bailey (visited)
    Orc: D:9-12

Altars:
Ashenzari
Cheibriados
Dithmenos
Elyvilon
Fedhas
Gozag
Hepliaklqana
Kikubaaqudgha
Makhleb
Nemelex Xobeh
Okawaru
Qazlal
Ru
Sif Muna
Trog
Uskayaw
Vehumet
Wu Jian
Xom
Yredelemnul
Zin
The Shining One

Shops:
D:2 *

Annotations:
D:3 1 runed translucent door, Deranged's ghost, amateur GrBe
D:9 Erolcha


Innate Abilities, Weirdness & Mutations

You are too large for most types of armour.
You have claws for hands.
Your natural rate of healing is unusually fast.
You are covered in fur. (AC +1)
You have tough skin. (AC +1)


Message History

A white imp comes into view.
The large abomination misses you.
The white imp shouts, "Quit, thou feckless wibble-sucking gudgeon!"
You scratch the large abomination but do no damage.
The large abomination is heavily damaged.
The white imp shouts, "Accept thy fall, thou villainous guts-griping deadneck!"
The large abomination closely misses you.
You scratch the large abomination. You claw the large abomination!!
You destroy the large abomination!
Okawaru accepts your kill.
You mangle the large abomination!!
The large abomination is heavily damaged.
The large abomination closely misses you.
The white imp gestures at you. The puff of frost hits you.
You claw the large abomination!
The large abomination is severely damaged.
The large abomination closely misses you.
You claw the large abomination!
The large abomination is almost destroyed.
The large abomination hits you!!
You closely miss the large abomination.
The large abomination is almost destroyed.
The large abomination closely misses you.
You scratch the large abomination.
The large abomination is almost destroyed.
The white imp gestures at you.
The puff of frost hits you but does no damage.
The large abomination closely misses you.
You scratch the large abomination.
The large abomination is almost destroyed.
The large abomination hits you!!
* * * LOW HITPOINT WARNING * * *
You gain the combat prowess of a mighty hero.
The large abomination hits you but does no damage.
The white imp gestures at you. The puff of frost hits you!
* * * LOW HITPOINT WARNING * * *
The large abomination hits you!!
You die...

.## # #.# #..#
#.# . #.# ## .
#.# #.# #.# #
## ######.# #
#...
.........####.#
# # ##
####.#...#
#@5.##..
###X....#
#..#####...
#...... #.
#!..##....#
#.#.# #...
.#.#. ## #. . #
.. . #.


You could see a large abomination and a white imp.

Vanquished Creatures
  Maurice (D:9)
  Maggie (D:6)
  A kobold demonologist (D:9)
  A komodo dragon (D:6)
  An ancient zyme (Abyss:1)
  A hornet (D:7)
  A vampire (D:9)
  5 yaks (D:9)
  A ynoxinul (Abyss:1)
  2 large abominations (Abyss:1)
  A chaos spawn (Abyss:1)
  Eustachio (D:5)
  A basilisk (D:9)
  5 water moccasins
  3 sky beasts
  2 necrophages
  A black bear (D:7)
  3 ogres
  An ice beast (D:5)
  2 phantoms
  3 centaurs (D:7)
  4 kobold brigands
  6 bullfrogs
  A wyvern zombie (D:8)
  8 gnoll sergeants (Bailey)
  3 scorpions
  3 killer bees (D:9)
  8 wights
  A howler monkey (D:8)
  7 starcursed masses (Abyss:1)
  A quasit (Abyss:1)
  A small abomination (Abyss:1)
  A centaur zombie (D:9)
  3 hounds
  An iron imp (Abyss:1)
  6 orc priests
  6 gnoll shamans (Bailey)
  4 jellies
  A centaur skeleton (D:6)
  An iguana (D:6)
  4 orc wizards
  2 hound skeletons
  6 adders
  22 gnolls
  4 shadow imps
  A white imp (D:6)
  3 worms
  2 dart slugs (D:1)
  24 orcs
  10 ball pythons
  6 endoplasms
  5 giant cockroaches
  14 goblins
  6 hobgoblins
  4 jackals (D:1)
  24 kobolds
  7 quokkas
  3 bats
  2 frilled lizards
  6 rats
259 creatures vanquished.

Notes
Turn   | Place    | Note
-------+----------+-------------------------------------------
     0 | D:1      | sking99 the Troll Monk began the quest for the Orb.
     0 | D:1      | Reached XP level 1. HP: 22/22 MP: 0/0
    34 | D:1      | Reached XP level 2. HP: 29/29 MP: 1/1
   218 | D:1      | Reached XP level 3. HP: 37/37 MP: 2/2
   806 | D:2      | Found Kishah's General Store.
   857 | D:2      | Reached skill level 4 in Unarmed Combat
  1043 | D:2      | Reached XP level 4. HP: 44/45 MP: 3/3
  1660 | D:3      | Noticed Deranged's ghost (amateur GrBe)
  1661 | D:3      | Found a runed translucent door.
  1725 | D:3      | Found a faded altar of an unknown god.
  1820 | D:3      | Reached XP level 5. HP: 53/54 MP: 4/4
  1885 | D:3      | You fall into a shaft and drop 1 floor!
  1885 | D:4      | Noticed a necrophage
  1895 | D:4      | Killed a necrophage
  1896 | D:4      | Reached skill level 5 in Unarmed Combat
  1979 | D:3      | Reached XP level 6. HP: 58/62 MP: 5/5
  2454 | D:4      | Found a staircase to the Ecumenical Temple.
  2487 | Temple   | Entered the Ecumenical Temple
  2572 | Temple   | Became a worshipper of Warmaster Okawaru
  2572 | Temple   | Reached * piety under Okawaru
  2572 | Temple   | Reached ** piety under Okawaru
  2759 | D:4      | Found a hazy altar of Hepliaklqana.
  2825 | D:4      | Reached skill level 1 in Invocations
  2829 | D:4      | Reached XP level 7. HP: 62/71 MP: 3/6
  3179 | D:5      | Entered Level 5 of the Dungeon
  3331 | D:5      | Reached skill level 6 in Unarmed Combat
  3334 | D:5      | Reached skill level 5 in Fighting
  3630 | D:5      | Noticed Eustachio
  3637 | D:5      | Killed Eustachio
  3637 | D:5      | Reached *** piety under Okawaru
  3638 | D:5      | Reached XP level 8. HP: 81/81 MP: 9/9
  3849 | D:5      | Reached skill level 7 in Unarmed Combat
  4199 | D:6      | Found an opulent altar of Gozag.
  4207 | D:6      | Noticed Maggie
  4221 | D:6      | Killed Maggie
  4345 | D:6      | Reached **** piety under Okawaru
  4351 | D:6      | Reached skill level 1 in Armour
  4371 | D:6      | Found a snail-covered altar of Cheibriados.
  4378 | D:6      | Found a shadowy altar of Dithmenos.
  4404 | D:6      | Paralysed by a wight for 7 turns
  4422 | D:6      | Reached skill level 8 in Unarmed Combat
  4422 | D:6      | Reached XP level 9. HP: 56/90 MP: 3/11
  4875 | D:6      | Noticed a komodo dragon
  4886 | D:6      | Killed a komodo dragon
  4887 | D:6      | Reached skill level 1 in Throwing
  5152 | D:6      | Found a stormy altar of Qazlal.
  5800 | D:7      | Reached skill level 9 in Unarmed Combat
  5812 | D:7      | Found a flagged portal.
  5836 | Bailey   | Entered a bailey
  5924 | Bailey   | Reached ***** piety under Okawaru
  5925 | Bailey   | Reached XP level 10. HP: 94/102 MP: 9/12
  6176 | Bailey   | Identified the +2 hand axe "Veyg" {flame, *Noise rElec
                  | Dex+3}
  7019 | D:8      | Found a glowing silver altar of Zin.
  7020 | D:8      | Found a white marble altar of Elyvilon.
  7021 | D:8      | Found a glowing golden altar of the Shining One.
  7440 | D:8      | Reached skill level 5 in Invocations
  7592 | D:9      | Found a staircase to the Lair.
  7625 | D:9      | Received a gift from Okawaru
  7765 | D:9      | Noticed Maurice
  7780 | D:9      | Killed Maurice
  8122 | D:9      | Reached skill level 5 in Armour
  8146 | D:9      | Noticed Erolcha
  8160 | D:9      | Cast into level 1 of the Abyss (Erolcha)
  8183 | Abyss:1  | Noticed a revenant
  8275 | Abyss:1  | Noticed a starcursed mass
  8295 | Abyss:1  | Killed a starcursed mass
  8300 | Abyss:1  | Killed a starcursed mass
  8303 | Abyss:1  | Reached XP level 11. HP: 73/102 MP: 14/14
  8396 | Abyss:1  | Reached skill level 5 in Throwing
  8477 | Abyss:1  | Noticed a large abomination
  8493 | Abyss:1  | Mangled by a large abomination

Illustrated notes

Levels and vault maps discovered:
D:1:      saegor_arrival_under_anarchy, layout_loops_ring,
          chequers_serial_rivers_room_a
D:2:      layout_loops_corners, serial_shops, nicolae_square_shop,
          roderic_lattice_a
D:3:      layout_rooms, hellmonk_ecumenical_altar_lost_god,
          hellmonk_ghost_happy_afterlife, kennysheep_generic_room_10
D:4:      layout_loops_ring, lemuel_round_altar, temple_pool_b,
          serial_bayou_ford_a
D:5:      layout_basic, uniq_eustachio
D:6:      cheibrodos_thug_alley, layout_basic, kennysheep_little_box,
          mainiacjoe_overflow_catwalk, mainiacjoe_overflow_catch_the_wave,
          kennysheep_small_circle, uniq_maggie
D:7:      layout_cave_pools, enter_bailey_3
D:8:      layout_loops_ring, good_gods_temple_1
D:9:      layout_basic, lair_entry_dummy, uniq_maurice, uniq_erolcha
Temple:   nicolae_temple_great_sept
Abyss:1:  base: D:1, hangedman_abyss_or_decor_stabs

Skill      XL: |  1  2  3  4  5  6  7  8  9 10 11 |
---------------+----------------------------------+-----
Fighting       | 3 4 5 6 7 8 |  8.3
Unarmed Combat | 4 5 6 8 9 |  9.9
Invocations    | 1 3 4 6 |  6.5
Armour         | 1 3 5 |  5.2
Throwing       | 3 4 5 |  5.0
Dodging        | |  2.4
Stealth        | |  1.0

Action                   |  1- 3 |  4- 6 |  7- 9 | 10-12 || total
-------------------------+-------+-------+-------+-------++-------
Melee: Unarmed           |   103 |   148 |   223 |   286 ||   760
       Punch             |       |     2 |     6 |    14 ||    22
Throw: Dart              |       |       |       |     4 ||     4
       Large rock        |       |       |       |     1 ||     1
Invok: Heroism           |       |     1 |    12 |     8 ||    21
  Use: Scroll            |       |    10 |     5 |     1 ||    16
 Stab: Sleeping          |     3 |     2 |     2 |       ||     7
Armor: Robe              |    22 |    28 |    15 |       ||    65
       Steam dragon scal |       |       |    63 |   114 ||   177
Dodge: Dodged            |    51 |    65 |   121 |   191 ||   428
